 Dungeon Crawl Stone Soup version 0.19-a0-1903-gead39cf (webtiles) character file.

95 Disciple the Cutter (level 4, -1/38 HPs)
             Began as a Draconian Monk on Oct 20, 2016.
             Killed by divine providence
             ... invoked by an orc priest
              (10 damage)
             ... on level 3 of the Dungeon.
             The game lasted 00:05:44 (1767 turns).

Disciple the Cutter (Draconian Monk)                Turns: 1767, Time: 00:05:45

Health: -1/38      AC:  8    Str: 13    XL:     4   Next: 39%
Magic:  4/4        EV: 13    Int: 11    God:
Gold:   112        SH:  0    Dex: 14    Spells: 0 memorised, 3 levels left

rFire  . . .     SeeInvis .     c - +5 dagger
rCold  . . .     Gourm    .     (armour unavailable)
rNeg   . . .     Faith    .     (no shield)
rPois  .         Spirit   .     (helmet restricted)
rElec  .         Reflect  .     k - +0 cloak
rCorr  .         Harm     .     (no gloves)
MR     .....                    i - +1 pair of boots
Stlth  ++........               (no amulet)
                                (no ring)
                                (no ring)

@: no status effects
A: unfitting armour, cold-blooded, AC +5
a: no special abilities


You were on level 3 of the Dungeon.
You were not hungry.

You visited 1 branch of the dungeon, and saw 3 of its levels.

You collected 112 gold pieces.

Inventory:

Hand Weapons
 a - a +0 mace
 c - a +5 dagger (weapon)
Missiles
 r - 9 poisoned needles
Armour
 f - a +0 buckler
 i - a +1 pair of boots (worn)
 k - a +0 cloak (worn)
 s - a +0 shield
Scrolls
 e - a scroll of remove curse {unknown}
 j - a scroll of magic mapping {unknown}
 o - a scroll of noise {unknown}
 p - 2 scrolls of identify {unknown}
Potions
 d - a potion of flight {unknown}
 g - 3 potions of curing {unknown}
 h - 2 potions of mutation {unknown}
 l - 2 potions of lignification {unknown}
 q - a potion of heal wounds {unknown}
Comestibles
 b - 2 bread rations
 m - 2 meat rations
 n - a chunk of flesh


   Skills:
 - Level 3.2 Fighting
 + Level 3.8 Short Blades
 - Level 3.3 Maces & Flails
 - Level 2.6 Dodging
 - Level 1.7 Stealth


You had 3 spell levels left.
You didn't know any spells.

Dungeon Overview and Level Annotations

Branches:
Dungeon (3/15)

Altars:

Annotations:
D:3 cerealjynx's ghost, weakling GrBe


Innate Abilities, Weirdness & Mutations

Your plain brown scales are hard. (AC +5)
You cannot fit into any form of body armour.
You are cold-blooded and may be slowed by cold attacks.


Message History

Cerealjynx's ghost closely misses you.
You barely miss cerealjynx's ghost.
Cerealjynx's ghost is severely damaged.
Cerealjynx's ghost hits you.
The orc priest mumbles some strange prayers to Beogh against you.
Beogh smites you!
You hear a shout!
You hit cerealjynx's ghost but do no damage.
You tail-slap cerealjynx's ghost.
Cerealjynx's ghost is severely damaged.
Cerealjynx's ghost hits you but does no damage.
You hit cerealjynx's ghost.
Cerealjynx's ghost is severely damaged.
A bat comes into view.
Cerealjynx's ghost hits you!
* * * LOW HITPOINT WARNING * * *
The orc priest casts a cantrip, but nothing happens.
The orc priest calls down the wrath of Beogh upon you.
Beogh smites you!
You die...

### #.. # #.# .## #.#
...#.#############
#####.#....o.W.@...<#
..........o.#########
.....#w###.# #### #)#
### ..w ##... .>###
.b. #.#


You could see an orc priest, cerealjynx's ghost and an orc.

Vanquished Creatures
  3 adders (D:2)
  An ooze (D:1)
  A dart slug (D:1)
  A worm (D:2)
  2 leopard geckos
  3 orcs (D:3)
  4 bats
  A giant cockroach (D:2)
  6 goblins (D:1)
  6 hobgoblins
  7 jackals
  A quokka (D:2)
  A ball python (D:1)
  4 frilled lizards
  4 kobolds
  8 rats
53 creatures vanquished.

Notes
Turn   | Place    | Note
-------+----------+-------------------------------------------
     0 | D:1      | Disciple the Draconian Monk began the quest for the Orb.
     0 | D:1      | Reached XP level 1. HP: 19/19 MP: 1/1
     6 | D:1      | Noticed a komodo dragon
     6 | D:1      | Noticed a hound
     6 | D:1      | Noticed a seven-headed hydra
     6 | D:1      | Noticed a lindwurm
     6 | D:1      | Noticed a salamander
    75 | D:1      | Reached skill level 1 in Short Blades
    80 | D:1      | Reached XP level 2. HP: 23/26 MP: 2/2
   394 | D:1      | Reached XP level 3. HP: 23/31 MP: 3/3
  1213 | D:2      | Reached XP level 4. HP: 38/38 MP: 4/4
  1738 | D:3      | Noticed cerealjynx's ghost (weakling GrBe)
  1767 | D:3      | Killed from afar by an orc priest

Vault maps used:
D:1:      onia_arrival_zoo_common, kennysheep_pointless_box,
          minmay_misc_feat_square
D:3:      grunt_decor_one_mirror, uniq_iyjb

Skill      XL: |  1  2  3 |
---------------+----------+-----
Short Blades   | 1 2 3 |  3.8
Fighting       | |  3.2
Maces & Flails | |  3.3
Dodging        | |  2.6
Stealth        | |  1.7

Action                   |  1- 3 |  4- 6 || total
-------------------------+-------+-------++-------
Melee: Dagger            |    90 |    42 ||   132
       Mace              |     6 |       ||     6
       Tailslap          |     8 |     4 ||    12
 Stab: Sleeping          |     4 |     2 ||     6
  Eat: Chunk             |     1 |     2 ||     3
Armor: Skin              |    30 |     4 ||    34
Dodge: Dodged            |    61 |    14 ||    75
